 Dungeon Crawl Stone Soup version 0.25-a0-705-ge9988fc0fb (webtiles) character file.

Game seed: 16994436750125160205, levelgen mode: deterministic

639 Bonecrusher the Cudgeler (level 7, -4/44 HPs)
             Began as a Gargoyle Fighter on Apr 4, 2020.
             Slain by an ogre
             ... wielding a cursed -1 giant club
              (22 damage)
             ... on level 4 of the Dungeon.
             The game lasted 00:10:31 (4159 turns).

Bonecrusher the Cudgeler (Gargoyle Fighter)         Turns: 4159, Time: 00:10:31

Health: -4/44      AC: 15    Str: 21    XL:     7   Next: 50%
Magic:  7/7        EV:  5    Int:  9    God:
Gold:   265        SH:  9    Dex:  9    Spells: 6/6 levels left

rFire    . . .     SeeInvis .   a - +0 flail
rCold    . . .     Gourm    .   c - +0 kite shield
rNeg     + + .     Faith    .   B - +0 chain mail
rPois    ∞         Spirit   .   m - +0 helmet
rElec    +         Reflect  .   (no cloak)
rCorr    .         Harm     .   (no gloves)
MR       .....                  (no boots)
Stlth    ..........             (no amulet)
HPRegen  0.14/turn              l - ring of positive energy
MPRegen  0.10/turn              (no ring)

@: no status effects
A: negative energy resistance 1, electricity resistance, unbreathing,
petrification resistance, rot immunity, AC +4
a: no special abilities


You were on level 4 of the Dungeon.
You were hungry.

You visited 1 branch of the dungeon, and saw 5 of its levels.
You also visited: Sewer.

You collected 265 gold pieces.

Inventory:

Hand Weapons
 a - a +0 flail (weapon)
Missiles
 i - 173 stones (quivered)
Armour
 c - a +0 kite shield (worn)
 m - a +0 helmet (worn)
 B - a +0 chain mail (worn)
Jewellery
 l - a ring of positive energy (left hand)
Wands
 A - a wand of polymorph (6)
Scrolls
 e - a scroll of fog {unknown}
 k - a scroll of enchant armour {unknown}
 n - a scroll of magic mapping {unknown}
 p - a scroll of enchant weapon {unknown}
 r - a scroll of immolation {unknown}
 t - 2 scrolls of teleportation {unknown}
 v - a scroll of blinking {unknown}
 x - a scroll of identify {unknown}
Potions
 d - 3 potions of might
 g - a potion of magic {unknown}
 j - 2 potions of stabbing {unknown}
 o - 2 potions of resistance {unknown}
 q - 3 potions of curing {unknown}
 s - 2 potions of haste {unknown}
 u - a potion of flight {unknown}
 w - a potion of mutation {unknown}
Comestibles
 f - 5 rations


   Skills:
 - Level 5.0 Fighting
 * Level 6.4 Maces & Flails
 - Level 5.0 Armour
 - Level 3.2 Shields


You had 6 spell levels left.
You didn't know any spells.
Your spell library was empty.

Dungeon Overview and Level Annotations

Branches:
Dungeon (5/15)              Sewer (visited)
 Temple: D:4-7

Altars:
Qazlal
Sif Muna
Vehumet
Zin

Annotations:
D:5 Pikel


Innate Abilities, Weirdness & Mutations

You are resistant to torment.
Your stone body is resilient. (AC +4)
You are immune to poison.
You resist negative energy. (rN+)
You are resistant to electric shocks. (rElec)
You can survive without breathing.
You are immune to petrification.
You are immune to rotting.


Message History

The ogre barely misses you.
You hit the ogre.
The ogre is severely wounded.
The ogre hits you with a cursed -1 giant club!
You completely miss the ogre.
The ogre is severely wounded.
You hit the ogre.
The ogre is almost dead.
The ogre hits you with a cursed -1 giant club!
Your shield and chain mail prevent you from hitting the ogre.
The ogre is almost dead.
The ogre barely misses you.
You hit the ogre.
The ogre is almost dead.
You block the ogre's attack.
You hit the ogre but do no damage.
The ogre is almost dead.
The ogre hits you with a cursed -1 giant club!!
Ouch! That really hurt!
You die...

..# #.#..# #.#.......#
#.########.#..# #.#.......####
........##.#..## #.#.......'..#
##.####..#.#...# #.#.......##.#
≈###≈≈##'..#.#.## #.#.......##.#
|'≈≈≈≈≈≈#..#.#..# #.#.......##.#
≈'≈≈≈≈≈≈#..#.##.###'#.......##.#
≈###≈≈##'..#.##..#.........###.#
##.####....#.###@#.........# #.#
........####.###O#.).[.....# #.#
####....# #........[[.....# #.#
......#.# #........######## #.#
#####.#.# #........# #.#
..<...#.####........# #.#
##.#..#......#####..# #.#
..<#..############..# #.#
##.#............<..># #.#


You could see an ogre.

Vanquished Creatures
  Eustachio (D:4)
  A slave (D:4)
  A bullfrog (Sewer)
  A bullfrog zombie (D:4)
  A hound (D:4)
  A centaur skeleton (D:4)
  A bullfrog skeleton (D:4)
  An iguana (D:4)
  3 worker ants (D:4)
  Robin (D:2)
  A gnoll (D:1)
  8 adders
  An ooze (D:2)
  An adder skeleton (D:4)
  A worm (D:4)
  4 dart slugs
  6 leopard geckos
  12 orcs
  13 giant cockroaches
  15 goblins
  11 hobgoblins
  3 jackals (D:3)
  6 kobolds
  2 quokkas (D:3)
  A ball python (Sewer)
  6 bats
  10 frilled lizards
  5 rats
118 creatures vanquished.

Notes
Turn   | Place    | Note
-------+----------+-------------------------------------------
     0 | D:1      | Bonecrusher the Gargoyle Fighter began the quest for the
                  | Orb.
     0 | D:1      | Reached XP level 1. HP: 14/14 MP: 1/1
   125 | D:1      | Reached XP level 2. HP: 8/19 MP: 2/2
   689 | D:1      | Reached XP level 3. HP: 23/23 MP: 3/3
   727 | D:1      | Reached skill level 3 in Maces & Flails
  1038 | D:2      | Reached XP level 4. HP: 25/29 MP: 4/4
  1106 | D:2      | Noticed Robin
  1137 | D:2      | Killed Robin
  1892 | D:3      | Reached XP level 5. HP: 33/33 MP: 5/5
  1945 | D:3      | Found a glowing silver altar of Zin.
  1947 | D:3      | Found a shimmering blue altar of Sif Muna.
  1949 | D:3      | Found a stormy altar of Qazlal.
  2124 | D:3      | Reached skill level 4 in Maces & Flails
  2687 | D:4      | Reached XP level 6. HP: 33/39 MP: 6/6
  2833 | D:4      | Found a glowing drain.
  2837 | Sewer    | Entered a sewer
  3331 | Sewer    | Reached skill level 5 in Maces & Flails
  3564 | D:4      | Reached skill level 5 in Fighting
  3564 | D:4      | Reached skill level 5 in Armour
  3564 | D:4      | Reached XP level 7. HP: 44/44 MP: 7/7
  3601 | D:4      | Noticed Eustachio
  3648 | D:4      | Killed Eustachio
  3648 | D:4      | Reached skill level 6 in Maces & Flails
  3844 | D:4      | Found a radiant altar of Vehumet.
  3988 | D:4      | Found Biatotti's Gadget Boutique.
  4119 | D:5      | Entered Level 5 of the Dungeon
  4120 | D:5      | Noticed Pikel
  4159 | D:4      | Slain by an ogre

Levels and vault maps discovered:
D:1:      dpeg_arrival_houses_and_road, layout_basic
D:2:      layout_loops_corners, serial_glass, glass_columns_c, glass_columns_a,
          glass_columns_c, glass_columns_a, uniq_robin
D:3:      layout_basic, minitemple
D:4:      layout_basic, lemuel_round_altar, serial_shops, shop_fountains,
          gup_sewer_entry_bowl, uniq_eustachio
D:5:      layout_cave_pods, dancing_weapons_uskayaw, first_ration,
          gammafunk_ghost_arena, uniq_pikel

Skill      XL: |  1  2  3  4  5  6  7 |
---------------+----------------------+-----
Maces & Flails | 3 4 5 6 |  6.4
Armour         | 4 5 |  5.0
Fighting       | 4 5 |  5.0
Shields        | |  3.2

Action                   |  1- 3 |  4- 6 |  7- 9 || total
-------------------------+-------+-------+-------++-------
Melee: Flail             |   112 |   352 |    74 ||   538
Evoke: Wand              |       |       |     5 ||     5
  Use: Scroll            |       |     1 |     1 ||     2
 Stab: Paralysed         |       |       |     8 ||     8
  Eat: Chunk             |       |    10 |     1 ||    11
Armor: Scale mail        |    56 |   202 |       ||   258
       Chain mail        |       |     1 |    31 ||    32
Dodge: Dodged            |    23 |   136 |    11 ||   170
Block: Kite shield       |    56 |   184 |    27 ||   267

Table legend:
 A = Non-vault XP
 B = Vault XP
 C = Vault XP percentage of total XP
 D = Non-vault monster count
 E = Vault monster count
 F = Vault count percentage of total count
                 A         B        C        D         E       F
            +---------+---------+-------+---------+---------+-------
      Total |     538 |     375 |  41.1 |      84 |      33 |  28.2
            +---------+---------+-------+---------+---------+-------
        D:1 |      54 |       0 |   0.0 |      21 |       0 |   0.0
        D:2 |      53 |      33 |  38.4 |      17 |      11 |  39.3
        D:3 |     101 |       0 |   0.0 |      31 |       0 |   0.0
        D:4 |     330 |     177 |  34.9 |      15 |       3 |  16.7
      Sewer |       0 |     165 | 100.0 |       0 |      19 | 100.0
            +---------+---------+-------+---------+---------+-------
